 Dungeon Crawl Stone Soup version 0.21-a0-360-g65c131b (webtiles) character file.

321 Horrz the Slinger (level 6, -5/42 HPs)
             Began as a Halfling Hunter on Oct 13, 2017.
             Slain by Edmund
             ... wielding a +0 flail of protection
              (7 damage)
             ... on level 5 of the Dungeon.
             The game lasted 00:17:29 (4041 turns).

Horrz the Slinger (Halfling Hunter)                 Turns: 4041, Time: 00:17:29

Health: -5/42      AC:  3    Str: 15 (18) XL:     6   Next: 76%
Magic:  6/6        EV: 15    Int:  8 (9)  God:
Gold:   174        SH:  0    Dex: 16 (17) Spells: 5/5 levels left

rFire    . . .     SeeInvis .   a - +1 hunting sling
rCold    . . .     Gourm    .   (shield restricted)
rNeg     . . .     Faith    .   c - +0 leather armour
rPois    .         Spirit   .   (no helmet)
rElec    .         Reflect  .   (no cloak)
rCorr    .         Harm     .   (no gloves)
MR       .....                  p - -1 pair of boots (curse)
Stlth    ++........             (no amulet)
HPRegen  0.14/turn              (no ring)
MPRegen  0.10/turn              (no ring)

@: mighty
A: mutation resistance 1
a: no special abilities


You were on level 5 of the Dungeon.
You were not hungry.

You visited 1 branch of the dungeon, and saw 5 of its levels.

You collected 174 gold pieces.

Inventory:

Hand Weapons
 a - a +1 hunting sling (weapon)
 b - a +0 short sword
Missiles
 h - 61 stones (quivered)
Armour
 c - a +0 leather armour (worn)
 p - a cursed -1 pair of boots (worn)
Jewellery
 C - an uncursed ring of stealth {unknown}
Wands
 u - a wand of iceblast (2/15)
 B - a wand of flame (14/48)
Scrolls
 i - a scroll of fog {unknown}
 m - 4 scrolls of identify
 o - a scroll of immolation {unknown}
 q - a scroll of teleportation
 r - a scroll of enchant weapon {unknown}
 s - a scroll of amnesia {unknown}
 t - a scroll of remove curse {unknown}
 z - a scroll of recharging {unknown}
 D - a scroll of magic mapping {unknown}
Potions
 e - a potion of lignification
Books
 y - a book of Changes

   Spells                             Type                      Level
   a - Beastly Appendage              Transmutation                1
   b - Sticks to Snakes               Transmutation                2
   c - Spider Form                    Transmutation/Poison         3
   d - Ice Form                       Ice/Transmutation            4
   e - Blade Hands                    Transmutation                5
Comestibles
 f - 2 bread rations
 g - 4 fruits
 k - 5 royal jellies
 l - 2 meat rations


   Skills:
 + Level 3.3 Fighting
 + Level 9.2 Slings
 - Level 1.0 Armour
 - Level 3.0 Dodging
 - Level 1.1 Stealth


You had 5 spell levels left.
You didn't know any spells.

Dungeon Overview and Level Annotations

Branches:
Dungeon (5/15)
 Temple: D:4-7

Altars:
Ashenzari
Fedhas
Gozag
Makhleb
Nemelex Xobeh
Okawaru
Ru
Xom
Zin

Annotations:
D:3 Horrz's ghost, amateur HOMo
D:4 2 transporters
D:5 Edmund


Innate Abilities, Weirdness & Mutations

You are small and have problems with some larger weapons.
You are somewhat resistant to further mutation.


Message History

Press: ? - help, Shift-Dir - straight line, f/p - Edmund
Aim: Edmund, wielding a flail of protection and wearing a chain mail (severely wounded)
You shoot a stone. The stone hits Edmund.
Edmund is severely wounded.
Edmund hits you with a flail of protection.
* * * LOW HITPOINT WARNING * * *
Firing (i - inventory):
h - 63 stones (quivered)
Press: ? - help, Shift-Dir - straight line, f/p - Edmund
Aim: Edmund, wielding a flail of protection and wearing a chain mail (severely wounded)
You shoot a stone.
The stone hits Edmund but does no damage.
Edmund is severely wounded.
Firing (i - inventory):
h - 62 stones (quivered)
Press: ? - help, Shift-Dir - straight line, f/p - Edmund
Aim: Edmund, wielding a flail of protection and wearing a chain mail (severely wounded)
You shoot a stone.
The stone hits Edmund but does no damage.
Edmund is severely wounded.
Edmund hits you with a flail of protection!
You die...

#########
#(@@....#
#<#####.#
#.# #.#
#.# #.#
#.. ###


You could see Edmund.

Vanquished Creatures
  2 orc wizards (D:4)
  3 worker ants (D:4)
  4 gnolls (D:2)
  4 adders (D:2)
  2 oozes (D:1)
  An adder skeleton (D:4)
  4 worms
  A dart slug (D:2)
  2 leopard geckos
  11 orcs
  2 ball pythons
  A giant cockroach (D:3)
  9 goblins
  9 hobgoblins
  4 jackals (D:1)
  7 kobolds
  2 quokkas
  8 bats
  3 frilled lizards
  A jackal skeleton (D:3)
  9 rats
89 creatures vanquished.

Notes
Turn   | Place    | Note
-------+----------+-------------------------------------------
     0 | D:1      | Horrz the Halfling Hunter began the quest for the Orb.
     0 | D:1      | Reached XP level 1. HP: 14/14 MP: 1/1
    33 | D:1      | Reached skill level 6 in Slings
    91 | D:1      | Reached XP level 2. HP: 19/19 MP: 2/2
   290 | D:1      | Reached XP level 3. HP: 24/24 MP: 3/3
   296 | D:1      | Reached skill level 7 in Slings
   709 | D:2      | Reached XP level 4. HP: 22/29 MP: 4/4
   851 | D:2      | You fall through a shaft!
   954 | D:3      | Found an iron altar of Okawaru.
   954 | D:3      | Found a sacrificial altar of Ru.
   954 | D:3      | Found a blossoming altar of Fedhas.
   954 | D:3      | Found a shattered altar of Ashenzari.
   982 | D:3      | Found an opulent altar of Gozag.
   982 | D:3      | Found a sparkling altar of Nemelex Xobeh.
  1441 | D:2      | Found a glowing silver altar of Zin.
  1464 | D:2      | Reached skill level 8 in Slings
  1496 | D:2      | Reached XP level 5. HP: 17/34 MP: 5/5
  1547 | D:2      | Reached skill level 1 in Armour
  2100 | D:2      | Found a burning altar of Makhleb.
  2443 | D:3      | Found a shimmering altar of Xom.
  2457 | D:3      | Noticed Horrz's ghost (amateur HOMo)
  3210 | D:4      | Reached XP level 6. HP: 41/41 MP: 6/6
  3259 | D:4      | Noticed a kobold demonologist
  3262 | D:4      | Found a transporter.
  3637 | D:4      | Reached skill level 9 in Slings
  3696 | D:4      | Found a transporter.
  3967 | D:4      | Noticed Edmund
  4028 | D:5      | Entered Level 5 of the Dungeon
  4039 | D:5      | HP: 2/42 [Edmund/flail of protection (4)]
  4041 | D:5      | Slain by Edmund

Vault maps used:
D:1:      lemuel_arrival_funnel
D:2:      minmay_diamond_boxcup, zin_academy, lightli_temple_of_fire,
          first_bread
D:3:      minmay_overflow_temple_hex, lemuel_crystal_altar, minmay_misc_feat_x
D:4:      gammafunk_wand_slinger, uniq_edmund
D:5:      minmay_temple_entry_glass, nrook_loot_triangle

Skill      XL: |  1  2  3  4  5  6 |
---------------+-------------------+-----
Slings         | 6 7 8 9 |  9.2
Fighting       | 2 3 |  3.3
Armour         | 1 |  1.0
Dodging        | 3 |  3.0
Stealth        | |  1.1

Action                   |  1- 3 |  4- 6 || total
-------------------------+-------+-------++-------
Melee: Hunting sling     |       |     1 ||     1
 Fire: Hunting sling     |    79 |   323 ||   402
  Use: Scroll            |     2 |       ||     2
       Potion            |       |     5 ||     5
  Eat: Chunk             |       |     9 ||     9
Armor: Leather armour    |    12 |    12 ||    24
Dodge: Dodged            |    31 |    73 ||   104

Table legend:
 A = Spawn XP
 B = Non-spawn XP
 C = Spawn XP percentage of total XP
 D = Spawn monster count
 E = Non-spawn monster count
 F = Spawn count percentage of total count
 G = Total turns spent on level
                    A         B        C        D         E        F      G
               +---------+---------+-------+---------+---------+-------+---------
         Total |       0 |     459 |   0.0 |       0 |      89 |   0.0 |  4041
               +---------+---------+-------+---------+---------+-------+---------
           D:1 |       0 |      64 |   0.0 |       0 |      32 |   0.0 |   695
           D:2 |       0 |     159 |   0.0 |       0 |      31 |   0.0 |  1795
           D:3 |       0 |      35 |   0.0 |       0 |      15 |   0.0 |   712
           D:4 |       0 |     201 |   0.0 |       0 |      11 |   0.0 |   826
               +---------+---------+-------+---------+---------+-------+---------
